 Dungeon Crawl Stone Soup version 0.30.0-15-g856e2d3f33 (webtiles) character file.

Game seed: 12050979030480232651

53 Strat the Insei (level 3, -1/19 HPs)
             Began as a Vine Stalker Monk on May 18, 2023.
             Killed by divine providence
             ... invoked by an orc priest
              (12 damage)
             ... on level 2 of the Dungeon.
             The game lasted 00:01:44 (1335 turns).

Strat the Insei (Vine Stalker Monk)                 Turns: 1335, Time: 00:01:45

Health: -1/19      AC:  6    Str: 15    XL:     3   Next: 89%
Magic:  0/4        EV: 10    Int: 10    God:
Gold:   67         SH:  0    Dex: 16    Spells: 2/2 levels left

rFire   . .          .
                       - Unarmed
rCold   . . .        c - orb {light}
rNeg    . . .        k - +0 scale mail
rPois   .            (no helmet)
rElec   .            (no cloak)
rCorr   .            (no gloves)
SInv    .            (no boots)
Will    .....        (no amulet) Stlth
                     (no ring)
HPRegen 0.23/turn    (no ring)
MPRegen 0.09/turn

%: guardian spirit
@: glowing
A: fangs 2, magic shield, antimagic bite, no potion heal 2
a: no special abilities


You were on level 2 of the Dungeon.
You visited 1 branch of the dungeon, and saw 2 of its levels.

You collected 67 gold pieces.

Inventory:

Armour
 a - a +0 robe
 c - an orb of light (worn)
 j - a +0 chain mail
 k - a +0 scale mail (worn)
Jewellery
 g - a ring of magical power
 r - an amulet of faith
Scrolls
 e - 2 scrolls of vulnerability {unknown}
 f - a scroll of magic mapping {unknown}
 h - a scroll of teleportation {unknown}
 i - 2 scrolls of identify {unknown}
 m - a scroll of blinking {unknown}
 o - a scroll of brand weapon {unknown}
 p - a scroll of fog {unknown}
 q - a scroll of fear {unknown}
Potions
 b - a potion of ambrosia
 d - 4 potions of curing {unknown}
 l - a potion of heal wounds {unknown}
 n - a potion of invisibility {unknown}


   Skills:
 - Level 2.6 Fighting
 - Level 2.4 Dodging
 + Level 4.7 Unarmed Combat


You had 2 spell levels left.
You didn't know any spells.
Your spell library contained the following spells:

 Spells                   Type           Power      Damage    Failure   Level
 Necrotise                Necr           0%         1d4       85%         1
 Vampiric Draining        Necr           0%         2d6       99%         3
 Anguish                  Hex/Necr       0%         N/A       100%        4
 Cause Fear               Hex            0%         N/A       100%        4
 Agony                    Necr           0%         N/A       100%        5
 Enfeeble                 Hex            0%         N/A       100%        7


Dungeon Overview and Level Annotations

Branches:
Dungeon (2/15)

Altars:


Innate Abilities, Weirdness & Mutations

You have extremely sharp teeth.
When hurt, damage is shared between your health and your magic reserves.
Your bite disrupts and absorbs the magic of your enemies.
Potions cannot restore your health.


Message History

You are more confused.
You bump into the rock wall.
The orc wizard's magic is no longer disrupted.
The orc wizard hits you with a +0 dagger.
* * * LOW HITPOINT WARNING * * *
You're too confused to move!
The orc wizard barely misses you.
The orc wizard gestures wildly while chanting.
The orc wizard flickers and vanishes for a moment.
You bump into the rock wall.
You bump into the rock wall.
The orc wizard hits you but does no damage.
You bump into the rock wall.
The orc wizard hits you with a +0 dagger.
* * * LOW HITPOINT WARNING * * *
The orc wizard attacks as you move away!
The orc wizard hits you with a +0 dagger.
* * * LOW HITPOINT WARNING * * *
The orc wizard gestures at you while chanting.
You are more confused.
The orc priest looks encouraged for a moment.
You bump into the rock wall.
You bump into the rock wall.
The orc wizard hits you with a +0 dagger.
* * * LOW HITPOINT WARNING * * *
You bump into the rock wall.
The orc wizard misses you.
You barely miss the orc wizard. Your bite misses the orc wizard.
The orc wizard is heavily wounded.
The orc wizard barely misses you.
You bump into the rock wall.
The orc wizard closely misses you.
You're too confused to move!
The orc wizard closely misses you.
The orc wizard attacks as you move away!
The orc wizard misses you.
You feel less confused.
The orc priest looks satisfied for a moment.
The orc priest miscasts a cantrip.
The orc wizard hits you but does no damage.
The orc priest calls down the wrath of Beogh upon you.
Beogh smites you!
Ouch! That really hurt!
You die...

#.# #.... #o# #.### #o# #.#
#o# #.# #.# #.# #.# ##.###
#######.#####.....
#.ooo..o.......### ###...###
#@#####...........
#........##.# ######......
#........##.##########..##..
#........##.#........#..)...
#........##.#.######.#...#.#
#........##.#.# #.##..#.#
######........##.#.#
#.#...#.#
......<.......##.#.#
#.#.###.#
######........##.#.#
#.....#.#


You could see an orc priest, an orc wizard (invisible) and 2 orcs.

Vanquished Creatures
  2 adders (D:2)
  A worm (D:2)
  A dart slug (D:1)
  An orc (D:2)
  A bat (D:2)
  5 giant cockroaches
  7 goblins
  2 hobgoblins (D:1)
  A ball python (D:2)
  3 frilled lizards
  3 kobolds
27 creatures vanquished.

Notes
Turn   | Place    | Note
-------+----------+-------------------------------------------
     0 | D:1      | Strat the Vine Stalker Monk began the quest for the Orb.
     0 | D:1      | Reached XP level 1. HP: 11/11 MP: 2/2
    62 | D:1      | Found a faded altar of an unknown god.
   207 | D:1      | Reached XP level 2. HP: 16/16 MP: 3/3
   794 | D:2      | Reached skill level 4 in Unarmed Combat
   841 | D:2      | Reached XP level 3. HP: 19/19 MP: 4/4
  1335 | D:2      | Killed from afar by an orc priest

Illustrated notes

Levels and vault maps discovered:
D:1:      dpeg_arrival_stonehenge_8_columns, layout_loops_ring,
          hellmonk_ecumenical_altar_run_dry, roderic_nine_men_s_morris,
          st_stairs_6, chequers_garden, reono_crystal_passage
D:2:      layout_basic, basic_altar

Skill      XL: |  1  2 |
---------------+-------+-----
Unarmed Combat | 4 |  4.7
Fighting       | |  2.6
Dodging        | |  2.4

Action                     || total
---------------------------++-------
  Melee: Unarmed           ||    74
         Bite              ||    18
 Armour: Robe              ||     3
         Scale mail        ||    28
  Dodge: Dodged            ||    25
